 Dungeon Crawl Stone Soup version 0.30-a0-168-g0b976cbdc4 (webtiles) character file.

Game seed: 11459478409057783097

1085 quinnr the Destroyer (level 8, -4/45 HPs)
             Began as a Tengu Conjurer on Sept 29, 2022.
             Was an Initiate of Sif Muna.
             Slain by Duvessa
             ... wielding a +0 short sword
              (13 damage)
             ... on level 5 of the Dungeon.
             The game lasted 00:08:01 (4708 turns).

quinnr the Destroyer (Tengu Conjurer)               Turns: 4708, Time: 00:08:01

Health: -4/45      AC:  2    Str:  7    XL:     8   Next: 30%
Magic:  2/14       EV: 19    Int: 28    God:    Sif Muna [......]
Gold:   217        SH:  0    Dex: 12    Spells: 6/13 levels left

rFire   . . .      SeeInvis .    (no weapon)
rCold   . . .      Faith    .    (no shield)
rNeg    . . .      Spirit   .    a - +0 robe
rPois   .          Reflect  .    c - +0 hat
rElec   .          Harm     .    (no cloak)
rCorr   .          Rampage  .    (no gloves)
Will    .....                    (boots unavailable)
Stlth   ++........               (no amulet)
HPRegen 0.15/turn                I - +6 ring of intelligence
MPRegen 0.14/turn                E - +4 ring of evasion

@: flying quickly and evasively, quick
A: beak, talons 3, nimble flight
a: Renounce Religion


You were on level 5 of the Dungeon.
You worshipped Sif Muna.
Sif Muna was noncommittal.
You visited 1 branch of the dungeon, and saw 5 of its levels.

You collected 217 gold pieces.


Innate Abilities, Weirdness & Mutations

You have a beak for a mouth.
You have claws for feet.
Your magical nature lets you fly swiftly and evasively.


   Skills:
 + Level 2.8 Fighting
 + Level 1.1 Armour
 - Level 4.0 Dodging
 + Level 3.9 Stealth
 + Level 3.4 Spellcasting
 - Level 10.0 Conjurations
 - Level 2.0 Translocations


You had 6 spell levels left.
You knew the following spells:

 Your Spells              Type           Power      Damage    Failure   Level
m - Magic Dart            Conj           100%       1d8       1%          1
s - Searing Ray           Conj           100%       2d8       1%          2
X - Iskenderun's Mystic   Conj/Tloc      38%        2d9       7%          4

Your spell library contained the following spells:

 Spells                   Type           Power      Damage    Failure   Level
 Dazzling Flash           Conj/Hex       64%        N/A       3%          3
 Fulminant Prism          Conj/Hex       16%        3d11      10%         4

Inventory:

Missiles
 j - 11 datura-tipped darts
Armour
 a - a +0 robe (worn)
 c - a +0 hat (worn)
 w - a +3 leather armour
Jewellery
 C - a ring of protection from cold
 E - a +4 ring of evasion (right hand)
 I - a +6 ring of intelligence (left hand)
Scrolls
 d - a scroll of teleportation {@r2}
 e - a scroll of enchant armour {unknown}
 g - a scroll of silence {unknown}
 h - 3 scrolls of identify {unknown}
 k - a scroll of summoning {unknown}
 m - a scroll of enchant weapon {unknown}
 o - a scroll of magic mapping {unknown}
 r - a scroll of acquirement {unknown}
 v - a scroll of butterflies {unknown}
 x - a scroll of blinking {unknown}
 y - a scroll of immolation {unknown}
Potions
 b - 3 potions of magic
 f - 2 potions of heal wounds {unknown}
 i - 3 potions of attraction {unknown}
 l - 2 potions of mutation {unknown}
 n - a potion of flight {unknown}
 p - a potion of cancellation {unknown}
 q - a potion of haste {unknown}
 s - a potion of might {unknown}
 t - a potion of brilliance {unknown}
 u - 2 potions of curing {unknown}

Dungeon Overview and Level Annotations

Branches:
Dungeon (5/15)             Temple (0/1) D:5

Altars:
Kikubaaqudgha
Sif Muna

Annotations:
D:2 digvault
D:3 Grinder
D:5 Duvessa

#.#.# #............ #.#.#
#.##########. #.#.# #.#...# #.
#### #.#.# #.#.#.# ##' ...
#.#.# #.#.#.# #.. ######.##.#.#
#.#.#.# #..
........⌠...#######.#.#)# #..
..................#.#.#.# #..
#####.⌠.>.⌠..e@.....#.#.# #..
...........#####...#.#.# #..
.......⌠...# ###.#.#.######.
....)....##.#######.#.#........
...............................
######.############...########.
... ###..#######. ...
##......##. ######..##


You could see Duvessa (berserk).


Message History

You aren't carrying any items that you can evoke.
Unknown command.
Unknown command.
Okay, then.
Okay, then.
There is a staircase to the Ecumenical Temple here.
Casting: Iskenderun's Mystic Blast (dangerous; 7% risk of failure)
Confirm with . or Enter, or press ? or * to list all spells.
You erupt in a blast of force!
The mystic blast hits Duvessa but does no damage.
Duvessa is moderately wounded.
Duvessa hits you with a +0 short sword!
* * * LOW HITPOINT WARNING * * *
Duvessa completely misses you.
Unknown command.
Casting: Iskenderun's Mystic Blast (dangerous; 7% risk of failure)
Confirm with . or Enter, or press ? or * to list all spells.
You don't have enough magic to cast this spell.
Unknown command.
You aren't carrying any items that you can evoke.
Unknown command.
Okay, then.
Duvessa attacks as you move away! Duvessa completely misses you.
There is a fountain of sparkling water here.
Duvessa attacks as you move away! Duvessa barely misses you.
Duvessa closely misses you. Duvessa attacks as you move away!
Duvessa misses you.
Duvessa rages.
Duvessa hits you with a +0 short sword!
You die...

Skill      XL: |  1  2  3  4  5  6  7  8 |
---------------+-------------------------+-----
Conjurations   | 6 7 8 10 | 10.0
Translocations | 1 2 |  2.0
Fighting       | 2 |  2.8
Dodging        | 3 4 |  4.0
Stealth        | 3 |  3.9
Spellcasting   | 3 |  3.4
Armour         | 1 |  1.1

Action                   |  1- 3 |  4- 6 |  7- 9 || total
-------------------------+-------+-------+-------++-------
Melee: Unarmed           |     2 |     2 |       ||     4
       Peck              |     2 |       |       ||     2
       Kick              |     1 |     1 |       ||     2
 Cast: Magic Dart        |    82 |    29 |    44 ||   155
       Searing Ray       |     1 |     9 |    12 ||    22
       Iskenderun's Myst |       |       |     2 ||     2
  Use: Scroll            |     1 |       |       ||     1
Dodge: Dodged            |     5 |     5 |    18 ||    28

Levels and vault maps discovered:
D:1:      matt_arrival_spirals, layout_loops_corners
D:2:      layout_rooms, glass_columns_a, item_on_display_a
D:3:      layout_basic, mainiacjoe_overflow_small_starburst,
          mainiacjoe_overflow_cross_hatched, kennysheep_doodads, uniq_natasha,
          uniq_grinder, uniq_sigmund
D:4:      layout_rooms, kiku_gazebo_garden_becter, lemuel_blue_sif_altar
D:5:      cheibrodos_fertilizer, layout_basic, lemuel_crystal_altar,
          mainiacjoe_overflow_paths, temple_fountains, serial_shops,
          nicolae_shop_stone, uniq_ijyb, uniq_menkaure, uniq_duvessa,
          uniq_eustachio

Notes
Turn   | Place    | Note
-------+----------+-------------------------------------------
     0 | D:1      | quinnr the Tengu Conjurer began the quest for the Orb.
     0 | D:1      | Reached XP level 1. HP: 10/10 MP: 4/4
   312 | D:1      | Reached XP level 2. HP: 15/15 MP: 4/6
   491 | D:1      | Reached skill level 6 in Conjurations
  1248 | D:2      | Reached XP level 3. HP: 19/19 MP: 4/7
  1251 | D:2      | Learned a level 2 spell: Searing Ray
  1760 | D:2      | Reached skill level 7 in Conjurations
  2272 | D:3      | Reached XP level 4. HP: 24/24 MP: 3/8
  2334 | D:3      | Learned a level 4 spell: Iskenderun's Mystic Blast
  2376 | D:3      | Noticed Sigmund
  2400 | D:3      | Killed Sigmund
  2401 | D:3      | Reached skill level 8 in Conjurations
  2401 | D:3      | Reached skill level 1 in Translocations
  2401 | D:3      | Gained mutation: Your magical nature lets you fly swiftly
                  | and evasively. [Tengu growth]
  2401 | D:3      | Reached XP level 5. HP: 20/28 MP: 0/9
  2401 | D:3      | Reached XP level 6. HP: 23/32 MP: 0/10
  2500 | D:3      | Noticed Natasha
  2514 | D:3      | Killed Natasha
  2529 | D:3      | Noticed Natasha
  2531 | D:3      | Killed Natasha
  2532 | D:3      | Reached skill level 9 in Conjurations
  2532 | D:3      | Reached skill level 2 in Translocations
  2540 | D:3      | Noticed Natasha
  2543 | D:3      | Killed Natasha
  2676 | D:3      | Noticed Grinder
  2995 | D:4      | Reached skill level 10 in Conjurations
  2995 | D:4      | Reached XP level 7. HP: 37/37 MP: 4/11
  3082 | D:4      | Reached skill level 1 in Fighting
  3431 | D:4      | Reached skill level 3 in Dodging
  3552 | D:4      | Found an ancient bone altar of Kikubaaqudgha.
  3735 | D:4      | Reached skill level 3 in Stealth
  3894 | D:4      | Found a shimmering blue altar of Sif Muna.
  3959 | D:4      | Became a worshipper of Sif Muna the Loreminder
  4110 | D:5      | Entered Level 5 of the Dungeon
  4154 | D:5      | Noticed Eustachio
  4211 | D:5      | Killed Eustachio
  4212 | D:5      | Reached skill level 2 in Fighting
  4212 | D:5      | Reached skill level 3 in Spellcasting
  4212 | D:5      | Reached XP level 8. HP: 39/45 MP: 3/13
  4570 | D:5      | Found a staircase to the Ecumenical Temple.
  4572 | D:5      | Noticed Menkaure
  4572 | D:5      | Noticed Dowan
  4603 | D:5      | Killed Dowan
  4610 | D:5      | Killed Menkaure
  4611 | D:5      | Reached skill level 1 in Armour
  4611 | D:5      | Reached skill level 4 in Dodging
  4694 | D:5      | Noticed Duvessa
  4708 | D:5      | Slain by Duvessa

Vanquished Creatures
  Sigmund (D:3)
  Eustachio (D:5)
  Menkaure (D:5)
  2 ogres (D:4)
  A phantom (D:4)
  A necrophage (D:4)
  Dowan (D:5)
  A jelly (D:4)
  A hound (D:4)
  Natasha (thrice) (D:3)
  An iguana (D:5)
  3 gnolls (D:4)
  An adder (D:5)
  2 ufetubi (D:4)
  A worm (D:3)
  3 dart slugs
  10 orcs
  2 bats (D:1)
  9 endoplasms
  A giant cockroach (D:4)
  6 goblins
  8 hobgoblins
  4 jackals (D:2)
  2 quokkas
  8 ball pythons
  4 frilled lizards
  4 kobolds
  4 rats
86 creatures vanquished.

Vanquished Creatures (others)
  12 toadstools (D:5)
  4 withered plants (D:4)
16 creatures vanquished.

Grand Total: 102 creatures vanquished

Table legend: (Time is in decaauts)
 A = Elapsed time spent in this place.
 B = Non-inter-level travel time spent in this place.
 C = Inter-level travel time spent in this place.
 D = Time resting spent in this place.
 E = Time spent auto-exploring this place.
 F = Levels seen in this place.
 G = Mean time per level.
                   A        B        C        D        E       F      G
               +--------+--------+--------+--------+--------+-----+--------+
         Total |   4616 |   4529 |     87 |    152 |   3795 |   5 |  923.2 |
       Dungeon |   4616 |   4529 |     87 |    152 |   3795 |   5 |  923.2 |
               +--------+--------+--------+--------+--------+-----+--------+

Top non-repeatable levels by time:
     D:4: 1375 daAuts
     D:1: 1157 daAuts
     D:2: 896 daAuts
     D:3: 625 daAuts
     D:5: 561 daAuts

Table legend:
 A = Non-vault XP
 B = Vault XP
 C = Vault XP percentage of total XP
 D = Non-vault monster count
 E = Vault monster count
 F = Vault count percentage of total count
                 A         B        C        D         E       F
            +---------+---------+-------+---------+---------+-------
      Total |     833 |     717 |  46.3 |      81 |       5 |   5.8
            +---------+---------+-------+---------+---------+-------
        D:1 |      25 |       0 |   0.0 |      14 |       0 |   0.0
        D:2 |      42 |       0 |   0.0 |      22 |       0 |   0.0
        D:3 |     101 |     278 |  73.4 |      16 |       2 |  11.1
        D:4 |     611 |       0 |   0.0 |      26 |       0 |   0.0
        D:5 |      54 |     439 |  89.0 |       3 |       3 |  50.0
            +---------+---------+-------+---------+---------+-------
